 Dungeon Crawl Stone Soup version 0.24.0-123-gd5b16e6ec5 (webtiles) character file.

Game seed: 13318028606033125516, levelgen mode: deterministic

155431 war10ck the Warrior (level 16, -5/159 HPs)
             Began as a Minotaur Berserker on Jan 13, 2020.
             Was the Champion of Trog.
             Slain by a spark wasp (14 damage)
             ... on level 2 of the Spider Nest on Jan 16, 2020.
             The game lasted 02:41:08 (34737 turns).

war10ck the Warrior (Minotaur Berserker)           Turns: 34737, Time: 02:41:09

Health: -5/159     AC: 31    Str: 23    XL:     16   Next: 80%
Magic:  0/5        EV: 18    Int:  4    God:    Trog [******]
Gold:   2639       SH:  0    Dex: 21    Spells: 15/15 levels left

rFire    . . .     SeeInvis .   a - +5 morningstar (antimagic)
rCold    + . .     Gourm    .   o - +0 shield
rNeg     . . .     Faith    .   x - +10 plate armour of Epifets {*Slow rPois MR++ Slay+4}
rPois    +         Spirit   +   (helmet restricted)
rElec    .         Reflect  .   H - scarf {Spirit}
rCorr    .         Harm     .   U - +1 pair of gloves {archery}
MR       +++..                  B - +0 pair of boots {run}
Stlth    ..........             s - amulet of guardian spirit
HPRegen  0.36/turn              w - ring of protection from cold
MPRegen  0.09/turn              Z - +5 ring of dexterity

@: confused, quick
A: retaliatory headbutt, horns 2
}: 1/15 runes: decaying
a: Berserk, Trog's Hand, Brothers in Arms, Renounce Religion


You were on level 2 of the Spider Nest.
You worshipped Trog.
Trog was exalted by your worship.
You were hungry.

You visited 6 branches of the dungeon, and saw 28 of its levels.
You also visited: Ice Cave.

You collected 2639 gold pieces.

Inventory:

Hand Weapons
 a - a +5 antimagic morningstar (weapon)
 N - a +2 mace of distortion
 O - a +2 flail of protection
 P - a +3 great mace of protection
Missiles
 i - 672 stones (quivered)
Armour
 o - a +0 shield (worn)
 r - +0 swamp dragon scales
 x - the +10 plate armour of Epifets (worn) {*Slow rPois MR++ Slay+4}
   (You found it on level 8 of the Dungeon)

   It affects your accuracy and damage with ranged weapons and melee attacks
   (+4).
   It protects you from poison.
   It affects your resistance to hostile enchantments.
   It may slow you when you take damage.
 z - +0 fire dragon scales
 B - a +0 pair of boots of running (worn)
 G - a +0 ring mail
 H - a scarf of spirit shield (worn)
 U - a +1 pair of gloves of archery (worn)
Jewellery
 s - an amulet of guardian spirit (around neck)
 w - a ring of protection from cold (left hand)
 C - an uncursed ring of protection from fire
 D - an uncursed ring of ice
 F - an uncursed ring of magical power
 K - an uncursed ring of resist corrosion
 M - an uncursed amulet of faith
 T - an uncursed ring of fire
 X - an uncursed ring of flight
 Z - a +5 ring of dexterity (right hand)
Wands
 d - a wand of digging (6)
Scrolls
 e - 4 scrolls of fog
 g - 3 scrolls of fear
 n - 3 scrolls of magic mapping
 p - 8 scrolls of teleportation
 q - 2 scrolls of vulnerability
 y - 12 scrolls of remove curse
 E - 2 scrolls of enchant weapon
 I - 3 scrolls of blinking
 J - 2 scrolls of identify
 W - a scroll of enchant armour
Potions
 b - 4 potions of lignification
 f - 2 potions of agility
 h - 8 potions of brilliance
 j - 2 potions of resistance
 k - 8 potions of curing
 l - 9 potions of heal wounds
 m - 7 potions of haste
 t - 3 potions of magic
 u - a potion of cancellation
 v - 4 potions of berserk rage
 A - 4 potions of ambrosia
 L - a potion of mutation
Miscellaneous
 Q - a box of beasts
 S - a phantom mirror
Comestibles
 c - 18 rations


   Skills:
 + Level 18.8 Fighting
 - Level 14.3 Maces & Flails
 + Level 15.6 Armour
 + Level 14.9 Dodging
 - Level 15.0 Shields


You had 15 spell levels left.
You didn't know any spells.
Your spell library was empty.

Dungeon Overview and Level Annotations

Branches:
Dungeon (13/15)            Temple (1/1) D:4            Lair (6/6) D:9
  Swamp (4/4) Lair:2       Spider (2/4) Lair:2        Slime (0/5) Lair:5
    Orc (2/2) D:10            Elf (0/3) Orc:2         IceCv (visited)
 Vaults: D:13-14

Altars:
Ashenzari
Cheibriados
Dithmenos
Elyvilon
Fedhas
Gozag
Hepliaklqana
Kikubaaqudgha
Makhleb
Nemelex Xobeh
Okawaru
Qazlal
Ru
Sif Muna
Trog
Uskayaw
Vehumet
Wu Jian
Xom
Yredelemnul
Zin
The Shining One
Beogh

Shops:
D:6 %   Orc:2 }}*:

Annotations:
Lair:4 exclusion: oklob plant
Orc:1 2 transporters, Ullipcorian's ghost, adept MfGl


Innate Abilities, Weirdness & Mutations

You reflexively headbutt those who attack you in melee.
You have a pair of horns on your head.


Message History

* * * LOW HITPOINT WARNING * * *
The spark wasp shocks you!
* * * LOW HITPOINT WARNING * * *
The tarantella bites you but does no damage.
You're too confused!
You closely miss the spark wasp. You headbutt the spark wasp.
The spark wasp is heavily wounded.
The spark wasp stings you.
* * * LOW HITPOINT WARNING * * *
The spark wasp shocks you!
* * * LOW HITPOINT WARNING * * *
The tarantella completely misses you. The spark wasp barely misses you.
The spark wasp stings you but does no damage.
The tarantella closely misses you.
The spark wasp stings you but does no damage.
The tarantella misses you. The spark wasp stings you.
* * * LOW HITPOINT WARNING * * *
The spark wasp shocks you!
You die...

..# ..# ..# ..#
########## ..##
##...#†...###...#
#####.....††.@y..†.#
#^..#.....#†.#s....#
#.....#...#######.##
###....##..## ##
##.#..#######
#....## ....## ...##
#..#


You could see a spark wasp and a tarantella.

Vanquished Creatures
  the Lernaean hydra (Swamp:4)
  Rupert (D:12)
  Frances (D:12)
  3 thorn hunters
  An entropy weaver (Spider:1)
  A dire elephant (Lair:6)
  2 blizzard demons (IceCv)
  18 hydras
  2 shambling mangroves (Swamp:3)
  A ghost crab (Swamp:4)
  2 catoblepae
  17 alligators
  A centaur warrior (D:9)
  4 death yaks
  6 two-headed ogres
  3 orc high priests
  A deep troll shaman (Lair:6)
  10 swamp dragons
  2 orc knights (Orc:1)
  3 orb spiders
  13 wolf spiders
  A deep elf mage (D:12)
  5 ugly things
  3 cyclopes
  8 orc sorcerers
  A moth of wrath (Spider:1)
  4 elephants (Lair:6)
  6 black mambas
  An ice statue (IceCv)
  2 torpor snails
  Joseph (D:7)
  Psyche (D:9)
  17 spiny frogs
  5 rime drakes
  A centaur skeleton (D:12)
  12 demonic crawlers
  6 ice devils (IceCv)
  5 anaconda simulacra (IceCv)
  A golden dragon simulacrum (IceCv)
  9 komodo dragons
  A wolf spider simulacrum (IceCv)
  9 hornets
  3 polar bears
  4 trolls
  12 jumping spiders
  6 dream sheep
  12 tyrant leeches
  5 blink frogs
  4 bog bodies
  12 slime creatures
  2 hippogriffs
  15 redbacks
  5 spriggans
  9 tarantellas
  A vampire (D:11)
  A dire elephant simulacrum (IceCv)
  A shadow (Swamp:2)
  2 wyverns
  Grum (D:9)
  54 yaks
  A steam dragon (D:12)
  25 vampire mosquitoes
  14 swamp worms
  3 iron troll simulacra (IceCv)
  16 water moccasins
  5 wargs
  2 harpy simulacra (IceCv)
  11 insubstantial wisps
  Edmund (D:4)
  A hydra simulacrum (IceCv)
  8 porcupines
  13 swamp drakes
  4 ice beasts
  25 orc warriors
  4 phantoms
  3 sky beasts
  2 ettin simulacra (IceCv)
  3 black bears
  13 ogres
  A necrophage (D:11)
  14 wolves
  A centaur (D:8)
  12 crocodiles
  2 big kobolds
  4 gnoll sergeants
  22 bullfrogs
  A wyvern zombie (D:9)
  A water moccasin zombie (D:4)
  A wyvern skeleton (D:7)
  5 scorpions
  A water moccasin skeleton (D:5)
  21 killer bees
  An elephant simulacrum (IceCv)
  13 wights
  3 vampire bats (Lair:6)
  4 swamp dragon simulacra (IceCv)
  6 electric eels
  A howler monkey (D:3)
  6 crimson imps
  3 bullfrog zombies
  A draconian simulacrum (IceCv)
  3 centaur zombies
  14 hounds
  2 gnoll shamans (D:9)
  5 jellies
  22 orc priests
  3 bullfrog skeletons
  22 orc wizards
  Natasha (thrice) (D:2)
  An iguana (D:6)
  10 worker ants
  A spriggan simulacrum (IceCv)
  A troll simulacrum (IceCv)
  A polar bear simulacrum (IceCv)
  A centaur simulacrum (IceCv)
  A hound zombie (D:6)
  A howler monkey zombie (D:7)
  26 gnolls
  A naga simulacrum (IceCv)
  16 adders
  An ogre simulacrum (IceCv)
  4 shadow imps
  6 white imps (IceCv)
  9 ufetubi (IceCv)
  An ooze (D:2)
  An adder zombie (D:7)
  An adder skeleton (D:8)
  3 worms (D:2)
  3 leopard geckos
  80 orcs
  7 giant cockroaches
  8 goblins
  3 hobgoblins
  22 jackals
  12 kobolds
  11 bats
  6 frilled lizards
  A giant cockroach zombie (D:5)
  A leopard gecko zombie (D:5)
  4 rats
  A briar patch (Swamp:2)
  A fungus (D:9)
  2 plants
941 creatures vanquished.

Vanquished Creatures (collateral kills)
  2 hydras (Swamp:4)
  An orc warrior (Orc:2)
  4 orcs (Orc:2)
7 creatures vanquished.

Vanquished Creatures (others)
  2 orc wizards (Orc:2)
  19 fungi
  12 plants
33 creatures vanquished.

Grand Total: 981 creatures vanquished

Notes
Turn   | Place    | Note
-------+----------+-------------------------------------------
     0 | D:1      | war10ck the Minotaur Berserker began the quest for the Orb.
     0 | D:1      | Reached XP level 1. HP: 19/19 MP: 0/0
   552 | D:2      | Reached XP level 2. HP: 16/26 MP: 1/1
   725 | D:2      | Reached skill level 5 in Maces & Flails
   794 | D:2      | Found a glowing silver altar of Zin.
   820 | D:2      | Reached XP level 3. HP: 27/31 MP: 2/2
   836 | D:2      | Reached ** piety under Trog
  1001 | D:2      | Noticed Natasha
  1012 | D:2      | Killed Natasha
  1012 | D:2      | Reached XP level 4. HP: 26/39 MP: 3/3
  1139 | D:2      | Noticed Natasha
  1147 | D:2      | Killed Natasha
  1396 | D:2      | Noticed Natasha
  1404 | D:2      | Killed Natasha
  1404 | D:2      | Reached XP level 5. HP: 10/45 MP: 4/4
  1907 | D:3      | Found a stormy altar of Qazlal.
  1965 | D:3      | You fall into a shaft and drop 3 floors!
  1983 | D:5      | Entered Level 5 of the Dungeon
  2257 | D:5      | Reached XP level 6. HP: 21/51 MP: 5/5
  3042 | D:4      | Noticed Edmund
  3062 | D:4      | Killed Edmund
  3062 | D:4      | Reached skill level 10 in Maces & Flails
  3062 | D:4      | Reached XP level 7. HP: 57/57 MP: 6/6
  3369 | D:4      | Found a staircase to the Ecumenical Temple.
  3535 | D:4      | Reached *** piety under Trog
  3607 | D:4      | Found a hide-covered altar of Uskayaw.
  3792 | Temple   | Entered the Ecumenical Temple
  4540 | D:5      | Reached XP level 8. HP: 59/64 MP: 7/7
  4811 | D:6      | Found a shadowy altar of Dithmenos.
  5016 | D:6      | Found Jaystreli's Food Shop.
  5555 | D:6      | Found an iron altar of Okawaru.
  5580 | D:6      | Found an ornate altar of the Wu Jian Council.
  5580 | D:6      | Found a shimmering altar of Xom.
  5580 | D:6      | Found an opulent altar of Gozag.
  5678 | D:6      | Reached **** piety under Trog
  5910 | D:7      | Reached XP level 9. HP: 46/70 MP: 5/8
  6142 | D:7      | Noticed Joseph
  6167 | D:7      | Killed Joseph
  6388 | D:7      | Reached skill level 4 in Fighting
  6388 | D:7      | Reached skill level 1 in Shields
  6514 | D:7      | Reached skill level 5 in Fighting
  6850 | D:8      | Got a twisted plate armour
  6864 | D:8      | Identified the +10 plate armour of Epifets {*Slow rPois
                  | MR++ Slay+4} (You found it on level 8 of the Dungeon)
  6982 | D:8      | Reached skill level 6 in Fighting
  6994 | D:8      | Reached skill level 5 in Shields
  7019 | D:8      | Received a gift from Trog
  7019 | D:8      | Reached skill level 7 in Fighting
  7075 | D:8      | Reached XP level 10. HP: 74/86 MP: 9/9
  7824 | D:9      | Noticed a six-headed hydra
  7845 | D:9      | Killed a six-headed hydra
  7845 | D:9      | Reached skill level 8 in Fighting
  7878 | D:9      | Noticed a centaur warrior
  7898 | D:9      | Killed a centaur warrior
  7898 | D:9      | Reached skill level 9 in Fighting
  8122 | D:10     | Entered Level 10 of the Dungeon
  8260 | D:10     | Noticed a two-headed ogre
  8274 | D:9      | Found a staircase to the Lair.
  8324 | D:9      | Reached ***** piety under Trog
  8325 | D:9      | Noticed Grum
  8336 | D:9      | Killed Grum
  8480 | D:9      | Noticed a two-headed ogre
  8490 | D:9      | Killed a two-headed ogre
  8490 | D:9      | Reached skill level 10 in Fighting
  8539 | D:9      | Found a roughly hewn altar of Beogh.
  8715 | D:9      | Noticed Psyche
  8917 | D:10     | Killed a two-headed ogre
  8917 | D:10     | Reached skill level 10 in Shields
  8917 | D:10     | Reached XP level 11. HP: 77/101 MP: 8/10
  9238 | D:10     | Found a staircase to the Orcish Mines.
  9639 | D:11     | Reached skill level 11 in Fighting
  9665 | D:11     | Received a gift from Trog
  9773 | D:11     | Noticed a two-headed ogre
  9782 | D:11     | Killed a two-headed ogre
 10202 | D:12     | Reached skill level 12 in Fighting
 10420 | D:12     | Noticed Frances
 10434 | D:12     | Killed Frances
 10859 | Lair:1   | Entered Level 1 of the Lair of Beasts
 11010 | Lair:1   | Reached skill level 13 in Fighting
 11027 | Lair:1   | Reached XP level 12. HP: 114/115 MP: 11/11
 11961 | Lair:2   | Found a hole to the Spider Nest.
 12171 | Lair:2   | Found a staircase to the Swamp.
 12457 | Lair:2   | Noticed a death yak
 12751 | Lair:2   | Killed a death yak
 12751 | Lair:2   | Reached skill level 14 in Fighting
 13193 | Lair:3   | Found a blossoming altar of Fedhas.
 13376 | Lair:3   | Noticed an eight-headed hydra
 13735 | Lair:4   | Received a gift from Trog
 14014 | Lair:4   | Reached skill level 15 in Fighting
 14197 | Lair:4   | Noticed a five-headed hydra
 14208 | Lair:4   | Killed a five-headed hydra
 14208 | Lair:4   | Reached skill level 15 in Shields
 14624 | Lair:5   | Reached XP level 13. HP: 117/126 MP: 12/12
 15376 | Lair:5   | Reached skill level 5 in Armour
 15406 | Lair:5   | Reached skill level 5 in Dodging
 15794 | Lair:5   | Found a staircase to the Slime Pits.
 16055 | Lair:6   | Entered Level 6 of the Lair of Beasts
 18099 | Lair:6   | Reached ****** piety under Trog
 18228 | Lair:6   | Noticed a dire elephant
 18242 | Lair:6   | Killed a dire elephant
 18831 | D:9      | Killed Psyche
 18831 | D:9      | Reached XP level 14. HP: 135/135 MP: 13/13
 18980 | D:9      | Received a gift from Trog
 19242 | D:9      | Reached skill level 10 in Armour
 19437 | Orc:1    | Entered Level 1 of the Orcish Mines
 19540 | Orc:2    | Entered Level 2 of the Orcish Mines
 19954 | Orc:2    | Reached skill level 10 in Dodging
 21020 | Orc:2    | Found Jofapt's Assorted Antiques.
 21020 | Orc:2    | Found Gujefiomm's Gadget Shop.
 21032 | Orc:2    | Received a gift from Trog
 21036 | Orc:2    | Found Lona's Gadget Shop.
 21039 | Orc:2    | Found Hitu's Book Boutique.
 21944 | Orc:2    | Found a staircase to the Elven Halls.
 22676 | Orc:1    | Found a transporter.
 22681 | Orc:1    | Noticed Ullipcorian's ghost (adept MfGl)
 22728 | Orc:1    | Found a transporter.
 22899 | Orc:1    | Identified the +5 spear "Kogoykk" {venom, rF+ Int+2}
 23190 | D:12     | Noticed Rupert
 23201 | D:12     | Killed Rupert
 23404 | D:11     | Received a gift from Trog
 24490 | Swamp:1  | Entered Level 1 of the Swamp
 24776 | Swamp:1  | Reached skill level 16 in Fighting
 25031 | Swamp:1  | Noticed a thorn hunter
 25042 | Swamp:1  | Killed a thorn hunter
 25313 | Swamp:1  | Reached XP level 15. HP: 98/145 MP: 2/14
 26114 | Swamp:2  | Received a gift from Trog
 26360 | Swamp:2  | Received a gift from Trog
 26590 | Swamp:2  | Noticed a thorn hunter
 26606 | Swamp:2  | Killed a thorn hunter
 27389 | Swamp:2  | Reached skill level 17 in Fighting
 28095 | Swamp:3  | Found an ancient bone altar of Kikubaaqudgha.
 29094 | Swamp:4  | Entered Level 4 of the Swamp
 29252 | Swamp:4  | Found a frozen archway.
 29265 | IceCv    | Entered an ice cave
 29516 | IceCv    | Received a gift from Trog
 31027 | Swamp:4  | Noticed a thorn hunter
 31040 | Swamp:4  | Killed a thorn hunter
 31040 | Swamp:4  | Reached XP level 16. HP: 138/157 MP: 5/15
 31132 | Swamp:4  | Identified a +0 pair of boots of running (You found it in
                  | an ice cave)
 31897 | Swamp:4  | Reached skill level 18 in Fighting
 31914 | Swamp:4  | Noticed the 27-headed Lernaean hydra
 31921 | Swamp:4  | HP: 5/157 [the 27-headed Lernaean hydra (6)]
 32597 | Swamp:4  | Killed the 27-headed Lernaean hydra
 32906 | Swamp:4  | Got a decaying rune of Zot
 33217 | Spider:1 | Entered Level 1 of the Spider Nest
 33228 | Lair:2   | Reached skill level 15 in Armour
 33799 | Spider:1 | Received a gift from Trog
 34737 | Spider:2 | Slain by a spark wasp

Levels and vault maps discovered:
D:1:      psy_arrival_terrarium, layout_rooms
D:2:      layout_loops_corners, nicolae_overflow_crystal_walls,
          minmay_heptomino_l4, uniq_natasha
D:3:      layout_basic, lemuel_round_altar, minmay_misc_feat_tiny
D:4:      layout_basic, kennysheep_mini, minmay_temple_entry_glass, uniq_edmund
D:5:      layout_loops_cross, first_ration, corexii_hall_statues_deadend
D:6:      layout_loops_corners, minitemple, serial_shops, shop
D:7:      layout_cave_pools, minmay_increasing_density, uniq_joseph
D:8:      layout_loops_ring
D:9:      cheibrodos_elevator_heist, layout_cave_pools, dpeg_oklobed_lair,
          special_room [special_room_orc], serial_gnoll_camp,
          gnoll_camp_mini_basic, gnoll_camp_medium_01,
          gnoll_camp_mini_loothouse, grums_kennel, gnoll_camp_mini_doghouse,
          gnoll_camp_mini_house, uniq_psyche
D:10:     layout_long_grid, orc_0_dummy
D:11:     layout_roguey
D:12:     layout_gridville, uniq_frances, uniq_rupert
D:13:     minmay_isolated_rectangles_in_corner, layout_irregular_city,
          david_nohive_1
Temple:   nicolae_temple_great_sept
Lair:1:   layout_chaotic_city, infiniplex_staircase_pool, serial_bayou_shore_a,
          grunt_megastairs_1
Lair:2:   layout_regular_city, swamp_mist, dummy_spider_entry,
          serial_bayou_lagoon_a, forest_entry_grove
Lair:3:   layout_layer_cave, basic_altar
Lair:4:   layout_concentric_octagons, grunt_megastairs_2,
          minmay_lair_oklob_chamber
Lair:5:   layout_loops_ring, slime_dummy, eino_small_chamber_without_monster,
          nicolae_quartered_pool_super, chequers_serial_rivers_micro_b,
          grunt_megastairs_3
Lair:6:   grunt_lair_end_beastmaster, layout_hall_layers, roderic_batcave
Swamp:1:  layout_falls_marsh, hangedman_swamp_ruin_wall
Swamp:2:  layout_basic_swamp, evilmike_swamp_ruin_house_5, swamp_pool1
Swamp:3:  layout_basic_swamp, lemuel_altar_in_water
Swamp:4:  swamp_old_school, layout_basic_swamp,
          portal_ice_cave_entry_pillars_three
Spider:1: layout_spider_delve, worms_lemuel
Spider:2: layout_spider_delve, gammafunk_ghost_berserking_beasts, uniq_agnes
Orc:1:    layout_diamond_mine, gammafunk_ghost_arena, nicolae_orc_rich_vein
Orc:2:    st_orc_mages, layout_caves

Skill      XL: |  1  2  3  4  5  6  7  8  9 10 11 12 13 14 15 16 |
---------------+-------------------------------------------------+-----
Maces & Flails | 4 5 6 7 8 10 11 13 14 | 14.3
Fighting       | 7 10 13 15 16 17 18 | 18.8
Shields        | 6 10 12 15 | 15.0
Armour         | 3 9 12 14 15 | 15.6
Dodging        | 9 11 13 14 | 14.9

Action                   |  1- 3 |  4- 6 |  7- 9 | 10-12 | 13-15 | 16-18 || total
-------------------------+-------+-------+-------+-------+-------+-------++-------
Melee: Mace              |    47 |    40 |       |       |       |       ||    87
       Headbutt          |     7 |    27 |    81 |   171 |   399 |   126 ||   811
       Flail             |       |    66 |   380 |   668 |   656 |       ||  1770
       Morningstar       |       |       |       |       |   948 |   373 ||  1321
Throw: Stone             |       |    12 |    28 |    12 |       |       ||    52
       Throwing net      |       |       |       |       |     1 |       ||     1
Invok: Berserk           |       |     2 |     2 |     4 |    14 |     2 ||    24
       Brothers in Arms  |       |       |       |       |     1 |     1 ||     2
       Trog's Hand       |       |       |       |       |     1 |       ||     1
  Use: Scroll            |     3 |     6 |    10 |    13 |    13 |     4 ||    49
       Potion            |       |       |       |       |       |     1 ||     1
 Stab: Confused          |       |       |       |       |       |     1 ||     1
  Eat: Chunk             |       |     1 |    15 |    22 |    31 |     4 ||    73
       Ration            |       |     2 |       |     2 |    11 |     3 ||    18
Armor: Ring mail         |     8 |     6 |       |       |       |       ||    14
       Animal skin       |     2 |       |       |       |       |       ||     2
       Chain mail        |       |    28 |     6 |       |       |       ||    34
       Plate armour      |       |       |   200 |   308 |   679 |   370 ||  1557
Dodge: Dodged            |    36 |    36 |   112 |    92 |   550 |   395 ||  1221
Block: Shield            |       |       |       |   292 |  1001 |   393 ||  1686
